[Event "Early-Titled-Tuesday-Blitz-October-24-2023"]
[Site "Chess.com"]
[Date "2023.10.24"]
[Round "8"]
[White "Grandmaster1369"]
[Black "DanielTitichoca"]
[Result "0-1"]
[WhiteElo "2787"]
[BlackElo "2643"]
[TimeControl "180+1"]
[EndTime "9:25:48 PDT"]
[Termination "DanielTitichoca won by checkmate"]

1. e4 c5 2. Nc3 e6 3. f4 a6 4. Nf3 b5 5. d3 Bb7 6. g3 b4 7. Ne2 d5 8. e5 h5 9. Bg2 Nh6 10. O-O Nf5 11. h3 Nc6 12. c3 a5 13. Bd2 Ba6 14.
Qc2 Qb6 15. Kh2 Rb8 16. Rab1 a4 17. b3 axb3 18. Rxb3 Bb5 19. Rb2 Qa6 20. Nc1 Be7 21.
Qb1 Kd7 22. Rd1 Ba4 23. Re1 bxc3 24. Bxc3 Rxb2 25. Qxb2 Rb8 26. Qf2 Bb5 27. Bf1 Bd8 28.
g4 hxg4 29. hxg4 Nh6 30. Kg3 Bb6 31. Qh2 Qa3 32. Bb2 Qb4 33. a3 Qa4 34. Qh5 Ba5 35. Re2 Rh8 36. Qg5 Ne7 37. f5 Bd8 38. f6 gxf6 39. exf6 Nhf5+ 40. gxf5 Nxf5+ 41. Kf2 Bb6 42. Ne5+ Ke8 43. Bh3 c4+ 44. d4 Nxd4 45. Bxd4 Bxd4+ 46. Kg2 Qd1 47. Nxf7 Qg1+ 48. Kf3 Rxh3+ 49. Kf4 Qf1+ 50.
Kg4 Qf3# 0-1

[Event "Early-Titled-Tuesday-Blitz-October-24-2023"]
[Site "Chess.com"]
[Date "2023.10.24"]
[Round "8"]
[White "El_Matador12"]
[Black "Pumpkin_in_moonlight"]
[Result "1-0"]
[WhiteElo "2569"]
[BlackElo "2351"]
[TimeControl "180+1"]
[EndTime "9:25:48 PDT"]
[Termination "El_Matador12 won on time"]

1. d4 Nf6 2. Bg5 g6 3. Bxf6 exf6 4. e3 Bg7 5. g3 O-O 6. Bg2 f5 7. Ne2 d5 8. O-O Nc6 9. b3 Ne7 10. c4 dxc4 11. bxc4 c5 12. Nbc3 cxd4 13. exd4 Nc6 14.
Nd5 Be6 15. Rb1 Rb8 16. Qd2 h5 17. Rfd1 h4 18. Ne3 h3 19. Bh1 f4 20. gxf4 Qh4 21. d5 Rfd8 22. Qe1 Bg4 23. dxc6 Bxe2 24. Qxe2 Qxf4 25. cxb7 Be5 26. Ng4 Bc7 27. Qf3 Qg5 28.
Rxd8+ Rxd8 29. Kf1 f5 30. Ne3 Bxh2 31. Ke2 f4 32.
Qd5+ Rxd5 33. Bxd5+ Kg7 34. b8=Q f3+ 35. Bxf3 Bxb8 36. Rb7+ Kh6 37. Rxb8 Qe5 38. Rb1 h2 39. Kd3 Kg7 40. Ng4 Qd6+ 41. Bd5 Qf4 42. Ne3 Qe5 43.
c5 Qf4 44. c6 Qxf2 45. c7 Qf8 46. Rb8 Qa3+ 47. Ke2 Qa6+ 48. Kf2 Qf6+ 49. Ke2 1-0

[Event "Early-Titled-Tuesday-Blitz-October-24-2023"]
[Site "Chess.com"]
[Date "2023.10.24"]
[Round "8"]
[White "Nf3c5"]
[Black "ZeGood_ZeBad_ZeUgly"]
[Result "0-1"]
[WhiteElo "2583"]
[BlackElo "2322"]
[TimeControl "180+1"]
[EndTime "9:25:48 PDT"]
[Termination "ZeGood_ZeBad_ZeUgly won on time"]

1. d4 Nf6 2. Nf3 d5 3. Bg5 h6 4.
Bf4 Bf5 5. c4 e6 6. Nc3 c6 7.
Qb3 Qb6 8. c5 Qxb3 9. axb3 Na6 10. Rxa6 bxa6 11. e3 Nh5 12. Be5 f6 13. Bc7 Kd7 14.
Ba5 g5 15. Bxa6 Rb8 16. Nd2 Be7 17. Be2 Ng7 18. O-O h5 19. Ra1 e5 20. b4 Ne6 21.
Nb3 Bc2 22. Bd1 Bxb3 23. Bxb3 exd4 24. exd4 Nxd4 25. Ba4 Ke6 26. Re1+ Kf7 27. Rd1 Nb5 28. Bxb5 cxb5 29. Nxd5 Bd8 30. c6 Bxa5 31. bxa5 Rbc8 32. c7 Rhe8 33. Kf1 Re6 34. b4 Rd6 35. Ke2 Re6+ 36.
Kf1 Rd6 37. Ke2 Re6+ 38. Kd3 Rd6 39. Ke4 Ke6 40. Rd4 f5+ 41. Ke3 Rxd5 42. Kd3 Rxd4+ 43. Kxd4 Rxc7 0-1

[Event "Early-Titled-Tuesday-Blitz-October-24-2023"]
[Site "Chess.com"]
[Date "2023.10.24"]
[Round "8"]
[White "Gyulamiryan-koryun"]
[Black "EdmundPlayer"]
[Result "0-1"]
[WhiteElo "1949"]
[BlackElo "2203"]
[TimeControl "180+1"]
[EndTime "9:25:48 PDT"]
[Termination "EdmundPlayer won by resignation"]

1. e4 c6 2. Nc3 d5 3. Nf3 Bg4 4. h3 Bxf3 5. Qxf3 dxe4 6. Nxe4 Nf6 7. Bc4 e6 8. d3 Nxe4 9. dxe4 Nd7 10. Bf4 e5 11.
Bg3 Qf6 12. Qb3 b5 13. Be2 h5 14. h4 Bc5 15. O-O Bb6 16. a4 Nc5 17. Qf3 Nxa4 18.
b4 Qxf3 19. Bxf3 Bd4 20. Rac1 Nc3 21. Bd1 g6 22. Re1 Ke7 23. Be2 f6 24. Bd3 a5 25.
bxa5 Rxa5 26. Kf1 Rha8 27. f4 Ra3 28. fxe5 fxe5 29. Bf2 Rf8 30. Kg1 Bxf2+ 31. Kh2 Bxe1 32. Rxe1 Rf4 33. g3 Rf2+ 34. Kg1 Rf6 35. Kg2 Rd6 36. Kh3 Ra2 37. g4 Rxd3+ 38. cxd3 b4 39. gxh5 gxh5 40.
Rb1 c5 41. Rg1 b3 42. Rg7+ Kd6 43. Rb7 b2 44. Kg3 b1=Q 45. Rxb1 Nxb1 46. Kf3 Rh2 47. Kg3 Rd2 48. Kf3 Rxd3+ 49. Ke2 c4 50. Kf2 Kc5 51. Ke2 Kd4 52. Kf2 Kxe4 0-1

[Event "Early-Titled-Tuesday-Blitz-October-24-2023"]
[Site "Chess.com"]
[Date "2023.10.24"]
[Round "8"]
[White "IljaZaragatski"]
[Black "Fh2411"]
[Result "1-0"]
[WhiteElo "2641"]
[BlackElo "2521"]
[TimeControl "180+1"]
[EndTime "9:25:49 PDT"]
[Termination "IljaZaragatski won on time"]

1. Nf3 d5 2. g3 c6 3. Bg2 Bf5 4. c4 e6 5. O-O Nf6 6. cxd5 exd5 7. d3 Be7 8. Qb3 Qb6 9. Qc2 O-O 10. Nc3 Bb4 11.
a3 Bxc3 12. Qxc3 Re8 13. Nd4 Bg4 14. e3 Nbd7 15. h3 Be6 16. b3 Qc5 17. Bb2 Qxc3 18. Bxc3 a6 19. Rfd1 h6 20. f4 Nf8 21. Kf2 Bd7 22.
g4 Re7 23. Bf3 Rae8 24. Re1 c5 25. Nf5 Bxf5 26. gxf5 N8d7 27. b4 b6 28. Rab1 c4 29.
dxc4 dxc4 30. b5 a5 31. Bd4 Ne4+ 32. Bxe4 Rxe4 33. Rbc1 Rc8 34. Rc3 Nc5 35. Kf3 Rxd4 36. exd4 Na4 37. Rc2 c3 38. Re3 Kf8 39. f6 gxf6 40.
Ke4 Rd8 41. d5 Ke7 42. Kf5+ Kd6 43. Kxf6 Rd7 44. f5 Rc7 45. Rd3 Rc5 46. Kxf7 Rxd5 47. Rxd5+ Kxd5 48. f6 Kd4 49. Ke7 Kd3 50. Rxc3+ Nxc3 51. f7 Nd5+ 52. Kd6 1-0

[Event "Early-Titled-Tuesday-Blitz-October-24-2023"]
[Site "Chess.com"]
[Date "2023.10.24"]
[Round "8"]
[White "Kotofeyca"]
[Black "Larina_Maria"]
[Result "1-0"]
[WhiteElo "2397"]
[BlackElo "2229"]
[TimeControl "180+1"]
[EndTime "9:25:49 PDT"]
[Termination "Kotofeyca won by checkmate"]

1. d4 f5 2. g3 Nf6 3. Bg2 g6 4. Nd2 Bg7 5. e4 fxe4 6. Nxe4 Nxe4 7. Bxe4 d5 8. Bg2 O-O 9. f4 c5 10. dxc5 e6 11. c3 Na6 12. Be3 Qc7 13. Bd4 Nxc5 14. Bxg7 Qxg7 15. Nf3 Bd7 16. O-O Bc6 17. Re1 Rae8 18.
Qd4 Qxd4+ 19. Nxd4 Kf7 20. Re3 Re7 21. Rae1 Rfe8 22. Bh3 Bd7 23. Nf3 Kf6 24. Ne5 Ne4 25. Bg2 Nc5 26. g4 h6 27. h4 Bc8 28. Kf2 b6 29. Kg3 Ba6 30. Bf3 Bc4 31. b3 Bb5 32. g5+ hxg5 33. hxg5+ Kg7 34. Bg4 Ne4+ 35. Kg2 Ba6 36. Bf3 Bb7 37. Bxe4 dxe4 38. Rd1 Rh8 39. Rd6 Rhe8 40. Ng4 Bd5 41. c4 Bb7 42. Nf6 Rh8 43. Nxe4 Rh4 44. Kg3 Rh1 45. Nf6 Rg1+ 46. Kf2 Ra1 47. Rh3 Rxa2+ 48. Ke3 e5 49. Rh7+ Kf8 50. Rd8+ Re8 51. Rxe8# 1-0

[Event "Early-Titled-Tuesday-Blitz-October-24-2023"]
[Site "Chess.com"]
[Date "2023.10.24"]
[Round "8"]
[White "Politov_Pavel"]
[Black "Aash20"]
[Result "1-0"]
[WhiteElo "2048"]
[BlackElo "2503"]
[TimeControl "180+1"]
[EndTime "9:25:49 PDT"]
[Termination "Politov_Pavel won by resignation"]

1. d4 d5 2. c4 c6 3. Nc3 dxc4 4. e4 b5 5. a4 b4 6. Na2 Nf6 7. Bxc4 Nxe4 8. Qf3 Nf6 9. Nxb4 Qxd4 10. Qb3 e6 11. Ne2 Qe4 12. O-O Be7 13. Ng3 Qg6 14. Bf4 O-O 15. Bd3 Qg4 16. Ne2 Nbd7 17. Nxc6 Bc5 18. h3 Qh5 19. Bg3 Qg5 20. Nf4 Kh8 21. Kh2 Nd5 22.
Nxd5 Qxd5 23. Qxd5 exd5 24. Ne5 Nxe5 25. Bxe5 Be6 26.
Rac1 Rac8 27. Rc2 Bb6 28. Rfc1 Rxc2 29. Rxc2 Kg8 30. Bd6 Rd8 31. Bc7 Rc8 32. Bxb6 axb6 33. Rxc8+ Bxc8 34. Bb5 Kf8 35. Kg3 Ke7 36. Kf4 Kd6 37.
b4 f6 38. Ke3 g5 39. Kd4 Bf5 40. a5 bxa5 41. bxa5 Bc8 42. a6 h6 43. f3 f5 44. Bd3 f4 45. Bb5 h5 46. Bd3 Kc6 47. Ke5 Kb6 48. Kxd5 Bxa6 49. Bxa6 Kxa6 50. Ke5 Kb5 51. Kf5 Kc4 52. Kxg5 Kd4 53. Kxf4 Kd5 54. Kg5 Ke5 55. Kxh5 Kf4 56. g4 Kxf3 57. g5 Kg3 58. g6 Kxh3 59. g7 Kg3 60. g8=Q+ Kf3 1-0

[Event "Early-Titled-Tuesday-Blitz-October-24-2023"]
[Site "Chess.com"]
[Date "2023.10.24"]
[Round "8"]
[White "DKmirl"]
[Black "Let_it_be_1"]
[Result "0-1"]
[WhiteElo "2286"]
[BlackElo "2559"]
[TimeControl "180+1"]
[EndTime "9:25:52 PDT"]
[Termination "Let_it_be_1 won on time"]

1. d4 d5 2. Nf3 e6 3. g3 Nf6 4.
Bg2 Be7 5. O-O O-O 6. c4 dxc4 7.
Nc3 a6 8. Ne5 Nd5 9. Nxc4 b5 10.
Ne3 Bb7 11. Nexd5 exd5 12. a3 c6 13. e4 dxe4 14. Nxe4 Nd7 15. Be3 Nb6 16. Nc5 Bxc5 17. dxc5 Nd5 18. Bxd5 cxd5 19. Bd4 Re8 20. Qg4 f6 21. Rfe1 Re4 22. Rxe4 dxe4 23. Qe6+ Kh8 24. Be3 Qc7 25. Rd1 Rd8 26. Rd6 h6 27. Kg2 Rxd6 28. cxd6 Qc6 29. Qe7 Bc8 30. h4 Qd7 31. Qf8+ Kh7 32.
Kg1 Qg4 33. Qe8 Qd1+ 34. Kh2 Bg4 35. Qxe4+ f5 36. Qg2 Bf3 37. Qg1 Qxd6 38. Qe1 Bb7 39. f3 Bxf3 40. Qf2 Be4 41. Bd4 Qg6 42. Bc3 Qg4 43.
Qd2 Qf3 44. Kg1 Qh1+ 45. Kf2 Qh2+ 46. Ke3 Qxg3+ 47. Kd4 Qxh4 48. Kc5 Qe7+ 49. Kb6 Qe6+ 50. Ka5 Qg6 0-1

[Event "Early-Titled-Tuesday-Blitz-October-24-2023"]
[Site "Chess.com"]
[Date "2023.10.24"]
[Round "8"]
[White "Jospem"]
[Black "GHANDEEVAM2003"]
[Result "0-1"]
[WhiteElo "3125"]
[BlackElo "3044"]
[TimeControl "180+1"]
[EndTime "9:25:53 PDT"]
[Termination "GHANDEEVAM2003 won by resignation"]

1. e4 c6 2. d4 d5 3. e5 Bf5 4. h4 h5 5. Bd3 Bxd3 6. Qxd3 Qa5+ 7. Nc3 e6 8. Nf3 Qa6 9. Qd1 Bb4 10. Bd2 Bxc3 11. Bxc3 Nh6 12. Bb4 Nf5 13. a4 Nd7 14. c3 Rc8 15. Bc5 Nxc5 16. dxc5 Qc4 17. Nd4 Qxc5 18. Nxf5 exf5 19. Qf3 g6 20. O-O O-O 21.
Rfe1 Qc4 22. e6 Qxh4 23. exf7+ Rxf7 24. Re6 Kh7 25. Rae1 Rg8 26. Qe3 a6 27. g3 Qd8 28.
Qf4 Qf8 29. Kg2 Qh6 30. Qe5 f4 31. Re7 Rgg7 32. Rxf7 Rxf7 33. Qe6 Kg8 34. Qc8+ Rf8 35. Qe6+ Kh8 36. Qe5+ Qg7 37. Qg5 fxg3 38. Re7 Rxf2+ 39.
Kxg3 Rf7 40. Re6 Kh7 41. Kh3 Rf5 42. Qd8 Qf8 43. Re7+ Kh6 44. Qxf8+ Rxf8 45. Rxb7 g5 46. Rb6 g4+ 47. Kg2 h4 48. Rxc6+ Kg5 49. Rd6 h3+ 50.
Kg1 g3 51. Rxd5+ Kg4 52. Rd4+ Rf4 53. Rd1 h2+ 54. Kh1 Kh3 55. Rg1 g2+ 0-1

[Event "Early-Titled-Tuesday-Blitz-October-24-2023"]
[Site "Chess.com"]
[Date "2023.10.24"]
[Round "8"]
[White "Chessmissile07"]
[Black "gueraumasague"]
[Result "1-0"]
[WhiteElo "2886"]
[BlackElo "2494"]
[TimeControl "180+1"]
[EndTime "9:25:56 PDT"]
[Termination "Chessmissile07 won by resignation"]

1. e4 g6 2. d4 Bg7 3. Nf3 c6 4. Nc3 d5 5. h3 Nf6 6. e5 Ne4 7. Bd3 Nxc3 8. bxc3 c5 9. O-O Nc6 10. Re1 O-O 11. a4 Qa5 12. Bd2 c4 13. Bf1 Bd7 14.
g3 f6 15. e6 Bc8 16. h4 Nd8 17. Bh3 Qa6 18. Qe2 f5 19. Ng5 h6 20. Nf7 Nxf7 21.
exf7+ Rxf7 22. Bg2 e6 23. a5 Bd7 24. Bf4 Re8 25. Be5 Qc6 26. f4 h5 27. Bf3 Bxe5 28.
Qxe5 Ref8 29. Reb1 Bc8 30. Qb8 Qa6 31. Rb4 Kh7 32. Qe5 Kg8 33. Qe1 Rf6 34. Qb1 R6f7 35. Rb5 Rc7 36. Qb4 Bd7 37. Rc5 Bc6 38. Re1 Rf6 39.
Rb1 Rff7 40. Kh2 Rfe7 41. Bg2 Kf7 42. Bf3 Be8 43. Rxc7 Rxc7 44. Re1 Qc6 45. Qa3 Rd7 46. Rb1 Rc7 47. Re1 Rd7 48. Re5 Rd8 49. Qb4 Rd7 50.
Qb1 Rd8 51. Qe1 Rd6 52. Qe2 Bd7 53. Qe1 Be8 54. Qb1 Kf8 55. Qa1 Kf7 56. Qa3 Kf8 57.
Rxe6 1-0

[Event "Early-Titled-Tuesday-Blitz-October-24-2023"]
[Site "Chess.com"]
[Date "2023.10.24"]
[Round "8"]
[White "SlavenPastar"]
[Black "MatyChess1"]
[Result "1-0"]
[WhiteElo "2619"]
[BlackElo "2726"]
[TimeControl "180+1"]
[EndTime "9:25:57 PDT"]
[Termination "SlavenPastar won by resignation"]

1. b3 d5 2. Bb2 Bf5 3. Nf3 e6 4. e3 Nf6 5. c4 c6 6. Be2 Nbd7 7.
O-O Bd6 8. d3 h6 9. Nbd2 Bh7 10.
a3 a5 11. Qc2 Nc5 12. b4 Ncd7 13. c5 Bc7 14. Qb3 e5 15. d4 exd4 16. Nxd4 O-O 17. Bd3 Re8 18. Bxh7+ Kxh7 19. N2f3 Ne4 20. Qc2 Kg8 21. h3 Ne5 22. Nxe5 Bxe5 23. Nf3 Bc7 24. Bd4 Re6 25. Nd2 Ng5 26. f4 Ne4 27. Nxe4 Rxe4 28. Qb2 f6 29. b5 Qe8 30. Rab1 Rb8 31. b6 Bd8 32. f5 Ra8 33. a4 Be7 34. Qc3 Bf8 35.
Rf3 Qf7 36. Rbf1 Qe8 37. Rf4 Qe7 38. Qd3 Rxf4 39. Rxf4 Qd7 40. Rg4 Kh8 41. Qf1 Re8 42.
Rh4 Kg8 43. Qf3 Qf7 44. Rg4 Qd7 45. Bxf6 Qf7 46. Bd4 Kh7 47. Rg6 Re7 48. h4 Re8 49. h5 Re7 50. f6 gxf6 51. Rxf6 Qg8 52. Qf5+ Kh8 53. Rxf8+ 1-0

[Event "Early-Titled-Tuesday-Blitz-October-24-2023"]
[Site "Chess.com"]
[Date "2023.10.24"]
[Round "8"]
[White "Eloist"]
[Black "Nekoo04"]
[Result "1/2-1/2"]
[WhiteElo "2456"]
[BlackElo "2301"]
[TimeControl "180+1"]
[EndTime "9:26:00 PDT"]
[Termination "Game drawn - insufficient material"]

1. e4 c5 2. Nf3 d6 3. Bb5+ Bd7 4.
Bxd7+ Qxd7 5. c4 Nc6 6. d4 Nf6 7. d5 Nd4 8. Nxd4 cxd4 9. Qxd4 Qg4 10. O-O Qxe4 11. Qxe4 Nxe4 12. Re1 Nf6 13. Bg5 Kd7 14. Nc3 Rc8 15. b3 e6 16. Rad1 Be7 17. Nb5 a6 18. Bxf6 axb5 19. dxe6+ fxe6 20. Bxe7 Kxe7 21. cxb5 Rc2 22. a4 Rf8 23. f3 Rf4 24. Re4 Rxe4 25. fxe4 e5 26. a5 Rc5 27. b4 Rxb5 28. Rb1 Ke6 29.
Kf2 d5 30. Ke3 dxe4 31. Kxe4 Kd6 32. h4 Rd5 33. b5 Rd4+ 34. Kf5 Rxh4 35. Rd1+ Kc5 36.
a6 bxa6 37. bxa6 Kb6 38. Rd6+ Ka7 39. Kxe5 Rg4 40. Rd2 Kxa6 41. Kf5 Rg6 42. g4 Kb6 43. g5 Rc6 44. Rd7 Rc7 45. Rd6+ Rc6 46. Rd7 Rc7 47.
Rxc7 Kxc7 48. Ke6 h5 49. gxh6 gxh6 50. Kf5 Kd6 51. Kg6 Ke6 52. Kxh6 1/2-1/2

[Event "Early-Titled-Tuesday-Blitz-October-24-2023"]
[Site "Chess.com"]
[Date "2023.10.24"]
[Round "8"]
[White "wild3000"]
[Black "IriBu"]
[Result "1/2-1/2"]
[WhiteElo "2387"]
[BlackElo "2579"]
[TimeControl "180+1"]
[EndTime "9:26:01 PDT"]
[Termination "Game drawn by stalemate"]

1. e4 c5 2. Nf3 a6 3. g3 b5 4. Bg2 Bb7 5. a4 Bxe4 6. axb5 axb5 7. Rxa8 Bxa8 8. O-O Nf6 9. Qe2 Qb6 10. Nc3 b4 11. Na4 Qa5 12. b3 e6 13. Bb2 Be7 14. Ra1 Qa6 15. d3 Bxf3 16. Qxf3 Qc8 17. Nb6 Qc7 18.
Nc4 O-O 19. h4 d5 20. Be5 Qd7 21. Nb6 Qb7 22. Na4 Nbd7 23. Bb2 Ra8 24. h5 h6 25. Re1 Qc6 26. Qe2 Nb6 27. Nxb6 Qxb6 28. Ra1 Rxa1+ 29. Bxa1 Qa5 30. Qd1 Nd7 31. Bb2 Bf6 32. d4 cxd4 33. Bxd4 Bxd4 34. Qxd4 Qc5 35. Qxc5 Nxc5 36. Kf1 Kf8 37. Ke2 Ke7 38. Ke3 Kd6 39. f4 f6 40. Bf3 e5 41. fxe5+ fxe5 42. Bg4 d4+ 43. Kd2 e4 44. Ke2 Ke5 45. Kd2 Kd5 46.
Ke2 d3+ 47. cxd3 exd3+ 48. Ke3 Nxb3 49. Kxd3 Nc5+ 50. Ke3 b3 51. Bd1 Kc4 52. Kf4 Nd3+ 53. Kf5 b2 54. Bc2 Kc3 55. Bb1 Nf2 56. Kg6 Kd4 57. Kxg7 Ng4 58. Kg6 Ke3 59. Kf5 Kf3 60.
Ke6 Kxg3 61. Kd5 Kh4 62. Kc4 Kxh5 63. Kc3 Nf2 64. Kxb2 Kg4 65. Kc3 h5 66. Kd2 Kg3 67. Ke2 Kg2 68. Ba2 h4 69. Be6 Kg3 70. Kf1 Ng4 71. Bxg4 Kxg4 72. Kg2 h3+ 73. Kh2 Kh4 74. Kg1 Kg3 75. Kh1 h2 1/2-1/2

[Event "Early-Titled-Tuesday-Blitz-October-24-2023"]
[Site "Chess.com"]
[Date "2023.10.24"]
[Round "8"]
[White "Mystery2007"]
[Black "ImBushchess"]
[Result "1-0"]
[WhiteElo "2443"]
[BlackElo "2247"]
[TimeControl "180+1"]
[EndTime "9:26:05 PDT"]
[Termination "Mystery2007 won on time"]

1. c4 Nf6 2. g3 g6 3. Bg2 Bg7 4. Nc3 O-O 5. e3 d6 6. d4 a6 7.
Nge2 Nc6 8. O-O Rb8 9. b3 Bg4 10. Bb2 h5 11. h3 Bd7 12. d5 Na5 13. Nd4 c5 14. dxc6 bxc6 15. Qd2 e5 16. Nde2 Be6 17. Rfd1 Bxc4 18. Qxd6 Qxd6 19. Rxd6 Bxe2 20. Nxe2 Nc4 21.
bxc4 Rxb2 22. Nc3 Rc2 23. Ne4 Nxe4 24. Bxe4 Rxc4 25. Bxc6 Rc2 26. Bd5 a5 27. Rb1 Rc7 28. Rb5 Ra7 29. Rxg6 Rd8 30. Rg5 h4 31. gxh4 Kf8 32. h5 Bf6 33. Rf5 Ke7 34. Rb6 Rxd5 35. Rbxf6 Kf8 36. h6 Kg8 37. Kg2 Re7 38. Kg3 Rd2 39.
a4 Ra2 40. h7+ Kxh7 41. Rxf7+ Rxf7 42. Rxf7+ Kg6 43. Re7 Kf6 44. Ra7 Rxa4 45. Ra6+ Kf7 46. f3 Ra1 47. Kg4 Ra3 48. e4 1-0

[Event "Early-Titled-Tuesday-Blitz-October-24-2023"]
[Site "Chess.com"]
[Date "2023.10.24"]
[Round "8"]
[White "lilleper1"]
[Black "NovozhilovSemen"]
[Result "1/2-1/2"]
[WhiteElo "2879"]
[BlackElo "2716"]
[TimeControl "180+1"]
[EndTime "9:26:06 PDT"]
[Termination "Game drawn by agreement"]

1. e4 c5 2. Nf3 Nc6 3. Nc3 d6 4.
d4 cxd4 5. Nxd4 Nf6 6. Be3 Ng4 7.
Nxc6 bxc6 8. Bc1 Qb6 9. Qf3 g6 10. Be2 Bg7 11. O-O O-O 12. Qg3 Nf6 13. Rb1 Be6 14.
b3 a5 15. Bb2 Qc7 16. Bd3 Rfc8 17. Rbe1 a4 18. f4 a3 19. Ba1 Qa5 20. Kh1 Nh5 21.
Qg5 Bxc3 22. Bxc3 Qxc3 23. f5 Qf6 24. Qxf6 Nxf6 25. fxe6 fxe6 26. e5 Nd5 27. exd6 exd6 28. Rxe6 Rf8 29. Ra1 Nb4 30. Rxd6 Rad8 31. Rxd8 Rxd8 32.
Bc4+ Kg7 33. h4 Rd2 34. c3 Rxa2 35. Rd1 Nc2 36. b4 Rb2 37. Rd7+ Kf6 38. Ra7 Ne3 39. Bg8 Ng4 40. g3 Rb1+ 41. Kg2 Ra1 42. Kf3 h5 43.
Ke4 Nf2+ 44. Kd4 Rd1+ 45. Kc5 Ne4+ 46. Kxc6 Ra1 47. b5 Nxc3 48. b6 a2 49. b7 Rc1 50.
Bxa2 Nxa2+ 51. Kd6 Rd1+ 52. Kc5 Rc1+ 53. Kd4 Rd1+ 54.
Ke3 Rb1 55. Ra6+ Kg7 56. Rxa2 Rxb7 57. Ra3 Rf7 58. Ra4 Kh6 59. Rf4 Re7+ 60. Kf3 Ra7 61.
Rf8 Ra3+ 1/2-1/2

[Event "Early-Titled-Tuesday-Blitz-October-24-2023"]
[Site "Chess.com"]
[Date "2023.10.24"]
[Round "8"]
[White "Ginzburg_Yakov"]
[Black "wanyaland"]
[Result "0-1"]
[WhiteElo "2584"]
[BlackElo "2463"]
[TimeControl "180+1"]
[EndTime "9:26:06 PDT"]
[Termination "wanyaland won on time"]

1. d4 d5 2. Nf3 e6 3. c4 Nf6 4. g3 dxc4 5. Bg2 Nc6 6. O-O Rb8 7. a4 a6 8. Ne5 Nxe5 9. dxe5 Nd5 10. Qc2 b5 11. Rd1 Qd7 12. Bg5 h6 13. e4 hxg5 14.
exd5 exd5 15. Rxd5 Qf5 16. Qxf5 Bxf5 17. axb5 axb5 18.
Nc3 c6 19. Rdd1 Rc8 20. Ra6 Bd7 21. Ra7 Be6 22. Ne4 Bd5 23. Nd6+ Bxd6 24. Bxd5 cxd5 25. exd6 O-O 26. Rxd5 b4 27. d7 Rb8 28. Raa5 Rfd8 29.
Kg2 f6 30. Rab5 Rxb5 31. Rxb5 Rxd7 32. Rxb4 Rc7 33. Kf3 Kf7 34. Ke3 Ke6 35. Kd4 Rd7+ 36. Kc3 Rd3+ 37. Kc2 Rf3 38. Rxc4 Rxf2+ 39. Kc3 Rxh2 40. g4 Rh3+ 41. Kb4 g6 42. Rc6+ Kf7 43. Rc7+ Kg8 44. Kc4 Rh4 45. b4 Rxg4+ 46. Kc5 Rg1 47. b5 Rc1+ 48. Kd6 Rb1 49. Kc6 g4 50. b6 g3 51. Kb7 f5 0-1

[Event "Early-Titled-Tuesday-Blitz-October-24-2023"]
[Site "Chess.com"]
[Date "2023.10.24"]
[Round "8"]
[White "Nyzhnyk_Illia"]
[Black "Duhless"]
[Result "0-1"]
[WhiteElo "2868"]
[BlackElo "3087"]
[TimeControl "180+1"]
[EndTime "9:26:09 PDT"]
[Termination "Duhless won by checkmate"]

1. d4 Nf6 2. Nf3 e6 3. c4 Bb4+ 4. Bd2 Qe7 5. g3 Bxd2+ 6. Qxd2 Nc6 7. Nc3 d5 8. Bg2 O-O 9. O-O dxc4 10. e4 Rd8 11.
Rfd1 b6 12. Qc2 Bb7 13. a3 Na5 14. Re1 h6 15. Rad1 Qf8 16. Ne5 a6 17. f4 b5 18.
g4 Nd7 19. Nf3 c5 20. d5 b4 21. dxe6 fxe6 22. Ne2 Nb6 23. Ne5 Rxd1 24. Rxd1 Rd8 25. Rf1 Qd6 26. Ng3 Nc6 27. Nxc6 Bxc6 28. f5 exf5 29.
gxf5 Qd2 30. Qb1 c3 31. bxc3 Bb5 32. Rc1 bxa3 33. Nf1 Qb2 34. e5 Qxb1 35. Rxb1 Bd3 36. Ra1 Nc4 37. e6 Kf8 38. Ng3 Ke7 39. Bb7 Rd6 40. Kf2 Rb6 41. Bd5 Rb2+ 42. Kf3 Nb6 43.
Ke3 c4 44. Be4 Bxe4 45. Nxe4 a2 46. Kd4 a5 47. Kc5 a4 48. Rg1 Kf8 49. Ra1 a3 50. Nd6 Ke7 51. Nxc4 Na4+ 52. Kd4 Rxh2 53. Nxa3 Rh4+ 54. Ke5 Nxc3 55. Nc4 Re4# 0-1

[Event "Early-Titled-Tuesday-Blitz-October-24-2023"]
[Site "Chess.com"]
[Date "2023.10.24"]
[Round "8"]
[White "IsaqueGoncalvesSanto"]
[Black "parintele_chess"]
[Result "1-0"]
[WhiteElo "1843"]
[BlackElo "2239"]
[TimeControl "180+1"]
[EndTime "9:26:10 PDT"]
[Termination "IsaqueGoncalvesSanto won on time"]

1. d4 Nf6 2. c4 e6 3. Nc3 Bb4 4. e3 O-O 5. Bd3 b6 6. Ne2 Bb7 7. f3 c5 8. a3 Bxc3+ 9. bxc3 d5 10.
cxd5 exd5 11. O-O Re8 12. Ng3 Nbd7 13. Bd2 Nf8 14. Qc2 c4 15. Bf5 g6 16. Bh3 Ne6 17.
Bxe6 Rxe6 18. Rae1 Qe7 19. Bc1 Re8 20. Re2 h5 21. Rfe1 h4 22. Nf1 Qd8 23. Qa4 Qa8 24. Qb4 a5 25. Qb1 Kg7 26. Qc2 Nh5 27. Qb2 Qa6 28.
g4 hxg3 29. hxg3 Nf6 30. g4 Qa8 31. Ng3 Qb8 32. Kf2 Rh8 33. Kg2 Rh4 34. Rh1 Rxh1 35. Nxh1 Nxg4 36. fxg4 Re4 37. Nf2 Re6 38. Qd2 Qc8 39. e4 dxe4 40. Qh6+ Kg8 41. Be3 Re8 42. Bg5 Qe6 43. Qh4 e3+ 44. Kf1 Kg7 45. Rxe3 Qxe3 46.
Bxe3 Rxe3 47. Qg5 Rf3 48. Qe5+ Kg8 49. Ke2 Kh7 50. d5 Rd3 51. Qe7 Kg8 52. Nxd3 cxd3+ 53. Kxd3 Bxd5 54. Qd8+ Kg7 55. Qxd5 1-0

[Event "Early-Titled-Tuesday-Blitz-October-24-2023"]
[Site "Chess.com"]
[Date "2023.10.24"]
[Round "8"]
[White "SlippperyWhenWet"]
[Black "LeoLV10"]
[Result "0-1"]
[WhiteElo "2351"]
[BlackElo "2563"]
[TimeControl "180+1"]
[EndTime "9:26:11 PDT"]
[Termination "LeoLV10 won by resignation"]

1. c3 Nf6 2. d4 g6 3. Nf3 Bg7 4. g3 d6 5. Bg2 O-O 6. O-O Nc6 7.
Nbd2 Re8 8. e4 e5 9. dxe5 dxe5 10. Qc2 Be6 11. b3 Qe7 12. a4 Rad8 13. Ba3 Qd7 14. Rad1 Qc8 15. Rfe1 h6 16. Nf1 a6 17. Ne3 b5 18.
axb5 axb5 19. c4 Nd4 20. Nxd4 exd4 21. Nd5 c6 22. Nxf6+ Bxf6 23. cxb5 cxb5 24. Qxc8 Rxc8 25. e5 Bg7 26. Rxd4 Bxb3 27. Rb4 Bc4 28. Rbb1 Rxe5 29. Rxe5 Bxe5 30. Bf1 Bd4 31. Bb2 Bc5 32. Bc3 Bxf2+ 33. Kxf2 Bxf1 34. Kxf1 Rxc3 35. Rxb5 Rc2 36. Kg1 h5 37.
Rb7 Kg7 38. Rb6 Kh6 39. Rb5 h4 40. Rd5 f5 41. gxh4 Kh5 42. Rd4 Re2 43. Rb4 Re4 44. Rxe4 fxe4 45. Kf2 Kg4 46. Ke3 Kf5 47. Ke2 Kf4 48.
Kf2 e3+ 49. Ke2 Ke4 50. Ke1 Kf3 51. Kf1 Kg4 52. Ke2 Kf4 53. Ke1 Kf5 54. Ke2 Ke4 55.
Ke1 Kd3 56. Kd1 Ke4 57. Ke2 Kf4 58. h5 gxh5 59. h4 Ke4 60. Ke1 Kf3 61. Kf1 Kg4 62. Ke2 Kxh4 63. Kxe3 Kg3 64. Ke2 Kg2 0-1

[Event "Early-Titled-Tuesday-Blitz-October-24-2023"]
[Site "Chess.com"]
[Date "2023.10.24"]
[Round "8"]
[White "Nick12772"]
[Black "cristiano78"]
[Result "1-0"]
[WhiteElo "2376"]
[BlackElo "2252"]
[TimeControl "180+1"]
[EndTime "9:26:13 PDT"]
[Termination "Nick12772 won by resignation"]

1. Nf3 Nf6 2. g3 g6 3. Bg2 Bg7 4.
O-O O-O 5. c4 Nc6 6. Nc3 d5 7.
cxd5 Nxd5 8. Nxd5 Qxd5 9. d3 Rd8 10. a3 a5 11. Qc2 h6 12. Bd2 Be6 13. Bc3 Qd7 14.
Bxg7 Kxg7 15. Qc3+ Kh7 16. Ne5 Nxe5 17. Qxe5 c6 18.
Rac1 f6 19. Qe3 Kg7 20. Rc5 a4 21. Rfc1 Bb3 22. h4 e5 23. Kh2 Qd4 24. Qxd4 Rxd4 25. Kg1 Rad8 26. Kf1 Bd5 27. Bxd5 R8xd5 28. Rxd5 Rxd5 29.
Rc4 Rd4 30. Rxd4 exd4 31. Ke1 Kf7 32. Kd2 Ke6 33. Kc2 f5 34. b3 axb3+ 35. Kxb3 Kd5 36.
Kb4 b6 37. a4 g5 38. hxg5 hxg5 39. e3 g4 40. a5 bxa5+ 41. Kxa5 Kc5 42. Ka4 dxe3 43.
fxe3 f4 44. exf4 Kd4 45. Kb4 c5+ 46. Kb5 Kxd3 47. Kxc5 Ke4 48. Kd6 Kf3 49. f5 Kxg3 50. f6 Kh2 51. f7 g3 52. f8=Q g2 53. Qf2 Kh1 54. Qf3 Kh2 55. Qh5+ Kg3 56. Qg5+ Kf2 57. Qf4+ Ke1 58. Qe3+ Kf1 59. Qf3+ Kg1 60. Ke5 Kh2 61.
Qh5+ Kg3 62. Qg5+ Kf2 63. Qf4+ Ke1 64. Qe3+ Kf1 65. Qf3+ Kg1 66. Kf4 Kh2 67. Qg3+ Kh1 68. Qh3+ Kg1 69. Kf3 Kf1 70. Qxg2+ 1-0